 Seeded DCSS version 0.30-a0-859-gf88a04b62d (webtiles) character file.

Game seed: 8796237800415217726 (custom seed)

98 BigDaddyOpFi the Chopper (level 4, -7/40 HPs)
             Began as a Hill Orc Monk on Mar 6, 2023.
             Was a Believer of Beogh.
             Splashed by a jelly's acid (9 damage)
             ... on level 4 of the Dungeon.
             The game lasted 00:02:18 (2053 turns).

BigDaddyOpFi the Chopper (Hill Orc Monk)            Turns: 2053, Time: 00:02:18

Health: -7/40      AC: -10   Str: 15    XL:     4   Next: 71%
Magic:  4/4        EV: 12    Int: 10    God:    Beogh [**....]
Gold:   203        SH:  0    Dex: 13    Spells: 3/3 levels left

rFire   . . .      SeeInvis .    h - +4 executioner's axe (heavy)
rCold   . . .      Faith    .    (shield currently unavailable)
rNeg    . . .      Spirit   .    b - +0 robe
rPois   .          Reflect  .    (no helmet)
rElec   .          Rampage  .    (no cloak)
rCorr   .                        (no gloves)
Will    .....                    (no boots)
Stlth   ++                       n - amulet of regeneration
HPRegen 1.06/turn                (no ring)
MPRegen 0.09/turn                (no ring)

@: lethally poisoned (-7 -> -7), corroded, attractive, studying Polearms
A: no striking features
a: Renounce Religion, Smiting


You were on level 4 of the Dungeon.
You worshipped Beogh.
Beogh was pleased with you.
You visited 1 branch of the dungeon, and saw 4 of its levels.

You collected 203 gold pieces.

Inventory:

Hand Weapons
 a - a +0 hand axe
 h - a +4 heavy executioner's axe (weapon)
 i - the +3 Elemental Staff {rElec rF++ rC++ AC+5}
   (You acquired it on level 1 of the Dungeon)

   It enhances your fire, ice, earth and air magic.
   AC:        It affects your AC (+5).
   rF:        It greatly protects you from fire.
   rC:        It greatly protects you from cold.
   rElec:     It insulates you from electricity.
Armour
 b - a +0 robe (worn)
Jewellery
 n - an amulet of regeneration (around neck)
Wands
 v - a wand of paralysis (10)
Scrolls
 c - a scroll of torment {unknown}
 j - a scroll of teleportation {unknown}
 k - 2 scrolls of noise
 p - 5 scrolls of identify {unknown}
 q - a scroll of magic mapping {unknown}
 r - a scroll of immolation {unknown}
 s - a scroll of vulnerability {unknown}
 u - a scroll of enchant weapon {unknown}
 w - 2 scrolls of poison {unknown}
 x - a scroll of enchant armour {unknown}
Potions
 d - a potion of curing
 e - a potion of attraction
 f - 2 potions of berserk rage {unknown}
 g - a potion of magic {unknown}
 l - a potion of mutation {unknown}
 m - a potion of lignification {unknown}
 o - a potion of invisibility {unknown}
 t - 3 potions of brilliance {unknown}


   Skills:
 + Level 4.1 Fighting
 + Level 4.7 Axes
 + Level 2.8 Dodging
 + Level 2.1 Stealth
 * Level 2.2 Evocations


You had 3 spell levels left.
You didn't know any spells.
Your spell library was empty.

Dungeon Overview and Level Annotations

Branches:
Dungeon (4/15)
 Temple: D:4-7

Altars:

Shops:
D:1 :   D:2 *


Message History

Beogh welcomes you!
You can now smite your foes.
With a roar of approval, the orcs welcome you as one of their own, and spare your life.
A hound comes into view.
The jelly hits you.
You are splashed with acid!
* * * LOW HITPOINT WARNING * * *
The goblin hits the orc priest but does no damage.
The orc priest barely misses the goblin.
The adder bites you.
* * * LOW HITPOINT WARNING * * *
It was a potion of curing.
You feel better.
The hound barks!
The adder closely misses you. The jelly closely misses you.
The goblin closely misses the orc priest.
The orc priest hits the goblin with a +0 morningstar of holy wrath.
The goblin dies!
The adder barely misses the orc priest.
The adder bites you.
You are poisoned.
The adder poisons you! The giant cockroach misses you.
It was a potion of attraction.
You feel attractive to monsters.
You feel sick. The jelly hits you.
* * * LOW HITPOINT WARNING * * *
The acid corrodes you!
You are splashed with acid.
* * * LOW HITPOINT WARNING * * *
The adder bites the orc priest but does no damage.
The orc priest hits the adder with a +0 morningstar of holy wrath!
The adder dies!
The adder closely misses you. The giant cockroach barely misses you.
The hound is attracted toward you. The orc priest is attracted toward you.
The orc is attracted toward you. The orc wizard is attracted toward you.
The orc is attracted toward you.
As you read the scroll labelled BYHIASM BYEGIA, it crumbles to dust.
You hear a loud clanging noise!
It was a scroll of noise.
You feel sick.
You hear a shout!
You hear a bark! x2; You hear an angry hiss.
The jelly hits you.
* * * LOW HITPOINT WARNING * * *
You are splashed with acid!
You die...

#...###.###........## ..
##..................#...
##...............†..#...
.##...##................
...##..###..........##..
...###.# #.....)........
.....#.# #..............
..##.#.. #......!...#...
.........#......@......=
..#. #.........SJB......
..#.# ##........ooh$.#..
... . .......§oo§.#..
#.# .# #.....)..§§.# #.#
. ##........#.#
.........§#..
##........# ##


You could see a hound, a jelly, an adder, a giant cockroach, a neutral orc
priest (wandering), a neutral orc wizard (wandering) and 2 neutral orcs.

Vanquished Creatures
  3 gnolls (D:2)
  2 adders
  A worm (D:2)
  6 endoplasms
  4 giant cockroaches
  4 hobgoblins
  6 jackals (D:2)
  A quokka (D:3)
  4 ball pythons
  5 bats
  3 goblins
  2 kobolds
  5 rats
46 creatures vanquished.

Vanquished Creatures (others)
  An adder (D:4)
  A goblin (D:4)
2 creatures vanquished.

Grand Total: 48 creatures vanquished

Notes
Turn   | Place    | Note
-------+----------+-------------------------------------------
     0 | D:1      | BigDaddyOpFi the Hill Orc Monk began the quest for the Orb.
     0 | D:1      | Reached XP level 1. HP: 19/19 MP: 1/1
    50 | D:1      | Found Veoliky's Book Emporium.
    73 | D:1      | Identified 3 scrolls of acquirement
    73 | D:1      | Acquired a +4 heavy executioner's axe
    76 | D:1      | Acquired the +3 Elemental Staff {rElec rF++ rC++ AC+5}
    76 | D:1      | Found the +3 Elemental Staff {rElec rF++ rC++ AC+5}
    78 | D:1      | Acquired a manual of Polearms
   137 | D:1      | Reached XP level 2. HP: 17/27 MP: 2/2
   609 | D:2      | Reached skill level 1 in Evocations
   629 | D:2      | Reached XP level 3. HP: 33/33 MP: 3/3
   728 | D:2      | Found a faded altar of an unknown god.
   747 | D:2      | Reached XP level 4. HP: 30/40 MP: 4/4
  1090 | D:2      | Found Fuiquv's Assorted Antiques.
  1357 | D:2      | Identified the +4 hand axe "Fumm" {freeze, *Rage Dex+4}
  2050 | D:4      | Became a worshipper of Beogh the Brigand
  2050 | D:4      | Reached * piety under Beogh
  2050 | D:4      | Reached ** piety under Beogh
  2053 | D:4      | HP: 2/40 [jelly (3)]
  2053 | D:4      | Splashed by a jelly's acid

Illustrated notes

Levels and vault maps discovered:
D:1:      heliophobic_arrival_henge, layout_rooms, serial_shops, shop_statue
D:2:      layout_basic, serial_shops, nicolae_lakefront_shop,
          ebering_ecumenical_altar_ruins
D:3:      layout_basic
D:4:      layout_rooms, kennysheep_generic_room_4

Skill      XL: |  1  2  3  4 |
---------------+-------------+-----
Evocations     | 1 2 |  2.2
Fighting       | 4 |  4.1
Stealth        | 2 |  2.1
Axes           | |  4.7
Dodging        | |  2.8

Action                     |  1- 3 |  4- 6 || total
---------------------------+-------+-------++-------
  Melee: Executioner's axe |    39 |    33 ||    72
         Hand axe          |     7 |       ||     7
 Invoke: Convert to Beogh  |       |     1 ||     1
    Use: Scroll            |     3 |     1 ||     4
         Potion            |     1 |     2 ||     3
   Stab: Sleeping          |     3 |     3 ||     6
 Armour: Robe              |    16 |    15 ||    31
  Dodge: Dodged            |    50 |    43 ||    93

Table legend: (Time is in decaauts)
 A = Elapsed time spent in this place.
 B = Non-inter-level travel time spent in this place.
 C = Inter-level travel time spent in this place.
 D = Time resting spent in this place.
 E = Time spent auto-exploring this place.
 F = Levels seen in this place.
 G = Mean time per level.
                   A        B        C        D        E       F      G
               +--------+--------+--------+--------+--------+-----+--------+
         Total |   2158 |   2074 |     84 |      0 |   1694 |   4 |  539.5 |
       Dungeon |   2158 |   2074 |     84 |      0 |   1694 |   4 |  539.5 |
               +--------+--------+--------+--------+--------+-----+--------+

Top non-repeatable levels by time:
     D:2: 1048 daAuts
     D:1: 628 daAuts
     D:3: 414 daAuts
     D:4: 67 daAuts
